 Dungeon Crawl Stone Soup version 0.30-a0-528-g8c47a4955b (webtiles) character file.

Game seed: 15142273130518448759

38555 omnomnOMINOUS the Destroyer (level 14, 0/103 HPs)
             Began as an Octopode Wanderer on Dec 23, 2022.
             Was the Champion of Jiyva.
             Slain by a three-headed hydra (15 damage)
             ... on level 3 of the Lair of Beasts.
             The game lasted 00:59:45 (14455 turns).

omnomnOMINOUS the Destroyer (Octopode Wanderer)    Turns: 14455, Time: 00:59:45

Health: 0/103      AC:  5    Str: 16    XL:     14   Next: 2%
Magic:  14/23      EV: 22    Int: 16    God:    Jiyva [******]
Gold:   863        SH:  6    Dex: 24    Spells: 17/25 levels left

rFire   . . .      SeeInvis .    O - +2 scimitar (flame)
rCold   + . .      Faith    .    e - +0 buckler
rNeg    . . .      Spirit   .    t - +2 hat
rPois   .          Reflect  .    g - amulet of magic regeneration
rElec   +          Harm     .    G - +6 ring of dexterity
rCorr   +          Rampage  .    o - ring of protection from cold
Will    +++..      Clarity  +    V - ring of willpower
Stlth   +++                      Q - ring of willpower
HPRegen 1.97/turn                (no ring)
MPRegen 1.08/turn                (no ring)
                                 (no ring)
                                 (no ring)

@: about to teleport, very slightly contaminated
A: almost no armour, amphibious, 8 rings, camouflage 1, gelatinous body 1,
(nimble swimmer 1), tentacles, tentacle spike 1, iridescent scales 1, agile 2,
clarity, electricity resistance, strong 2, evolution 2, jelly absorbing missiles
a: Renounce Religion, Oozemancy, Slimify


You were on level 3 of the Lair of Beasts.
You worshipped Jiyva.
Jiyva was exalted by your worship.
You visited 3 branches of the dungeon, and saw 17 of its levels.
You also visited: Sewer, Bailey and Ice Cave.

You collected 926 gold pieces.
You spent 63 gold pieces at shops.

Inventory:

Hand Weapons
 b - the +6 dagger "Bebist" {vorpal, Dex+6}
   (You found it on level 10 of the Dungeon)

   It inflicts extra damage upon your enemies.
   Dex:       It affects your dexterity (+6).
 c - the +7 dagger of the Dancing Augurer {freeze, Contam rElec rN+ Str+4}
   (You found it in a bailey)

   It freezes those it strikes, dealing additional cold damage.
   It can also slow down cold-blooded creatures.
   Str:       It affects your strength (+4).
   rElec:     It insulates you from electricity.
   rN:        It protects you from negative energy.
   Contam:    It causes magical contamination when unequipped.
 d - a +4 scimitar
 D - a +6 hand axe of venom
 M - a +3 great sword of flaming
 O - a +2 scimitar of flaming (weapon)
 U - the +5 mace "Vet Xues" {venom, rElec}
   (You took it off a centaur warrior on level 13 of the Dungeon)

   It poisons the flesh of those it strikes.
   rElec:     It insulates you from electricity.
Missiles
 A - a throwing net
 F - 9 curare-tipped darts
Armour
 e - a +0 buckler (worn)
 t - a +2 hat (worn)
Magical Staves
 a - a staff of conjuration
Jewellery
 g - an amulet of magic regeneration (around mantle)
 i - an amulet of reflection
 o - a ring of protection from cold (right tentacle)
 G - a +6 ring of dexterity (left tentacle)
 Q - a ring of willpower (on tentacle)
 V - a ring of willpower (on tentacle)
Wands
 w - a wand of flame (13)
 B - a wand of roots (12)
 J - a wand of mindburst (18)
Scrolls
 k - 3 scrolls of amnesia
 l - 2 scrolls of fear
 p - a scroll of noise {unknown}
 r - a scroll of vulnerability {unknown}
 u - 4 scrolls of enchant weapon
 y - 3 scrolls of fog
 z - 2 scrolls of blinking
 E - a scroll of torment {unknown}
 H - 2 scrolls of silence
 L - 8 scrolls of teleportation
 R - a scroll of poison {unknown}
 S - a scroll of butterflies
 T - a scroll of magic mapping
 W - a scroll of acquirement {unknown}
Potions
 f - 2 potions of heal wounds {unknown}
 h - 2 potions of brilliance {unknown}
 j - a potion of cancellation {unknown}
 m - 7 potions of mutation
 n - 2 potions of might {unknown}
 q - 5 potions of flight
 s - 2 potions of lignification {unknown}
 v - 5 potions of invisibility
 x - a potion of resistance {unknown}
 C - 3 potions of ambrosia
 I - 2 potions of magic
 N - a potion of attraction {unknown}
 P - 2 potions of haste
 X - a potion of curing
Miscellaneous
 K - a piece from Xom's chessboard (15/15)


   Skills:
 + Level 12.1 Fighting
 + Level 11.3 Dodging
 - Level 5.0 Shields
 - Level 6.2 Spellcasting
 + Level 14.5 Conjurations
 + Level 7.0 Fire Magic


You had 17 spell levels left.
You knew the following spells:

 Your Spells              Type           Power      Damage    Failure   Level
a - Magic Dart            Conj           100%       1d8       1%          1
b - Searing Ray           Conj           100%       2d8       1%          2
c - Foxfire               Conj/Fire      100%       2x1d9     1%          1
d - Sticky Flame          Conj/Fire      39%        2d6       1%          4

Your spell library contained the following spells:

 Spells                   Type           Power      Damage    Failure   Level
 Flame Wave               Conj/Fire      39%        2d11      1%          4
 Fulminant Prism          Conj/Hex       14%        3d8       9%          4
 Inner Flame              Hex/Fire       16%        N/A       12%         3
 Beastly Appendage        Tmut           8%         N/A       17%         1
 Summon Small Mammal      Summ           16%        N/A       17%         1
 Sublimation of Blood     Necr           4%         N/A       26%         2
 Wereblood                Tmut           4%         N/A       26%         2
 Call Canine Familiar     Summ           4%         N/A       45%         3
 Spider Form              Tmut/Pois      4%         N/A       45%         3
 Summon Guardian Golem    Hex/Summ       4%         N/A       45%         3
 Tukima's Dance           Hex            4%         N/A       45%         3
 Manifold Assault         Tloc           4%         N/A       86%         4
 Passage of Golubria      Tloc           4%         N/A       86%         4
 Yara's Violent Unravell  Hex/Tmut       2%         3d3       99%         5
 Dispersal                Tloc           2%         N/A       100%        6
 Enfeeble                 Hex            2%         N/A       100%        7
 Summon Hydra             Summ           2%         N/A       100%        7
 Disjunction              Tloc           2%         N/A       100%        8


Dungeon Overview and Level Annotations

Branches:
Dungeon (13/15)            Temple (0/1) D:4            Lair (3/5) D:10
  Snake (0/4) Lair:3          Orc (1/2) D:11         Vaults (0/5) D:13
  Sewer (visited)          Bailey (visited)           IceCv (visited)
  Swamp: Lair:2-3    Shoals: Lair:2-3

Altars:
Ashenzari
Cheibriados
Dithmenos
Fedhas
Hepliaklqana
Kikubaaqudgha
Nemelex Xobeh
Okawaru
Qazlal
Sif Muna
Uskayaw
Vehumet
Yredelemnul
Zin

Shops:
D:11 (   D:13 *

Annotations:
D:5 3 books need passwall, exclusion: statue
Orc:1 Jorgrun


Innate Abilities, Weirdness & Mutations

You cannot wear most types of armour.
You are amphibious.
You can wear up to eight rings at the same time.
Your skin changes colour to match your surroundings (Stealth+).
Your rubbery body absorbs attacks. (AC +1, EV +1)
((You are camouflaged when in or above water. (Stealth+)))
You have tentacles for arms and can constrict up to eight enemies at once.
One of your tentacles bears a spike.
You are partially covered in iridescent scales. (AC +2)
You are very agile. (Dex +8, Str/Int -2)
You possess an exceptional clarity of mind.
You are resistant to electric shocks. (rElec)
Your muscles are very strong. (Str +8, Int/Dex -2)
You have great hidden genetic potential.
You have a small jelly attached to you that may absorb projectiles.


Message History

Unknown command.
Okay, then.
Unknown command.
Aiming: Mindburst
Press: ? - help, Shift-Dir - straight line, f/p - four-headed hydra
Aim: a four-headed hydra (heavily wounded, covered in liquid flames, chance to affect: 29%)
Okay, then.
Unknown command.
Okay, then.
Unknown command.
Okay, then.
Unknown command.
Casting: Sticky Flame (mildly dangerous; 1% risk of failure)
Confirm with . or Enter, or press ? or * to list all spells.
Aiming: Sticky Flame (mildly dangerous; 1% risk of failure)
Press: ? - help, Shift-Dir - straight line, f/p - four-headed hydra
Aim: a four-headed hydra (heavily wounded, covered in liquid flames)
Okay, then.
Unknown command.
As you read the scroll of teleportation, it crumbles to dust.
You feel strangely unstable.
The four-headed hydra burns!
The four-headed hydra completely misses you.
You block the four-headed hydra's attack.
The four-headed hydra closely misses you.
The four-headed hydra misses you.
Your +6 hand axe of venom stops dripping with poison.
Your +2 scimitar of flaming bursts into flame!
O - a +2 scimitar of flaming (weapon)
You lop one of the four-headed hydra's heads off!
The flame cauterises the wound!
You slash the three-headed hydra! You burn the three-headed hydra.
You pierce the three-headed hydra.
You tentacle-slap the three-headed hydra.
The three-headed hydra is severely wounded.
The three-headed hydra burns! x2; The three-headed hydra bites you!
* * * LOW HITPOINT WARNING * * *
The three-headed hydra bites you!
* * * LOW HITPOINT WARNING * * *
The three-headed hydra completely misses you.
The three-headed hydra misses you. The three-headed hydra bites you!
You die...

#.....# #.####.....# #J. #.#..##
##.#.....♣## ♣.#
##..<.######...♣♣♣♣♣ #..
#........##P...♣≈≈≈♣♣ ♣♣J
##..P...........♣≈≈≈≈♣ . ♣♣
##...####........♣~≈w~♣ §. ♣
#...## #######..♣~≈≈~♣.♣ ♣ #..##
###.♣~~~≈..♣ #..# #P.@♣~~≈...♣
..P# ##..D.~~..♣ ..## #....≈♣.♣♣
.## ###♣.♣♣♣♣♣ .# ♣♣♣.♣.♣ ♣♣♣ .#
♣♣..♣♣♣♣.♣ .##### ##......#♣
.#.#.# ### ######.......####
.....###.######.............#P##


You could see a three-headed hydra (burning).

Vanquished Creatures
  The ghost of snackwell the Fighter, a journeyman DsRe of Ru (Lair:2)
  2 hydras (Lair:3)
  An ice dragon (D:13)
  2 centaur warriors
  A boulder beetle (D:10)
  Erica (D:11)
  Sonja (Lair:1)
  Nergalle (Lair:1)
  A deep elf pyromancer (Bailey)
  Pikel (D:7)
  3 orc knights
  An ugly thing (D:10)
  A manticore (D:13)
  Joseph (D:9)
  5 elephants
  2 gargoyles
  An unseen horror (D:12)
  7 cane toads
  A yaktaur (D:12)
  A komodo dragon (shapeshifter) (D:13)
  3 rime drakes
  3 komodo dragons
  6 trolls
  4 polar bears
  A meliai (D:13)
  4 hornets
  A centaur simulacrum (D:12)
  A spriggan (shapeshifter) (D:13)
  4 wyverns
  2 vampires (D:12)
  A wraith (D:10)
  54 yaks
  3 shadows
  Grum (D:9)
  A steam dragon (D:8)
  2 vampire mosquitoes (D:12)
  A basilisk (Lair:1)
  A swamp worm (Lair:3)
  3 acid dragons
  6 water moccasins
  10 orc warriors
  2 sky beasts
  A great orb of eyes simulacrum (IceCv)
  4 ogres
  An ice beast (D:8)
  13 wolves
  6 centaurs
  2 phantoms
  A slime creature simulacrum (IceCv)
  2 kobold brigands (D:10)
  A lemure (D:7)
  12 bullfrogs
  A scorpion (D:7)
  A gnoll sergeant (D:6)
  A glowing shapeshifter simulacrum (IceCv)
  A water moccasin zombie (D:6)
  2 necrophages (D:6)
  9 wights
  19 killer bees
  6 howler monkeys
  3 electric eels (D:10)
  2 bullfrog zombies (D:6)
  3 jellies (Sewer)
  2 orc priests (D:4)
  7 hounds
  A gnoll bouda (D:5)
  A human zombie (D:6)
  An iguana (D:7)
  4 orc wizards
  3 shapeshifter simulacra (IceCv)
  2 killer bee zombies (D:6)
  2 mummies (D:6)
  12 adders
  6 gnolls
  2 river rats
  2 shadow imps
  A white imp (D:7)
  2 ufetubi
  2 worms (D:4)
  4 dart slugs
  34 orcs
  10 ball pythons
  7 bats
  18 endoplasms
  9 giant cockroaches
  9 goblins
  4 hobgoblins
  4 jackals (D:2)
  18 kobolds
  6 quokkas
  8 frilled lizards
  6 rats
427 creatures vanquished.

Vanquished Creatures (collateral kills)
  A boulder beetle (D:12)
  A catoblepas (D:13)
  A komodo dragon (Lair:3)
  A yak (D:10)
4 creatures vanquished.

Vanquished Creatures (others)
  A centaur warrior (D:13)
  2 ice statues (IceCv)
  A gargoyle (D:13)
  An unseen horror (D:12)
  3 slime creatures (D:13)
  A troll (D:13)
  A dream sheep (shapeshifter) (D:13)
  A yak (Lair:3)
  2 great orb of eyes simulacra (IceCv)
  2 wolves (D:9)
  3 slime creature simulacra (IceCv)
  A bullfrog (D:7)
  2 glowing shapeshifter simulacra (IceCv)
  2 wights (D:8)
  19 jellies
  An electric eel (D:13)
  A hound (D:10)
  An iguana (D:7)
  An orc wizard (D:6)
  A killer bee zombie (D:6)
  2 adders
  5 orcs
  A giant cockroach (D:4)
  2 goblins
  A kobold (D:10)
  90 foxfires
  18 fungi
  25 plants
  A withered plant (Lair:2)
192 creatures vanquished.

Grand Total: 623 creatures vanquished

Notes
Turn   | Place    | Note
-------+----------+-------------------------------------------
     0 | D:1      | omnomnOMINOUS the Octopode Wanderer began the quest for the
                  | Orb.
     0 | D:1      | omnomnOMINOUS set off with the following items: a +0
                  | dagger, a +0 buckler, a potion of berserk rage, a scroll of
                  | teleportation; and the following spell memorised: Foxfire;
                  | and the following spells available to memorise: Inner
                  | Flame, Sticky Flame.
     0 | D:1      | Reached XP level 1. HP: 17/17 MP: 3/3
   160 | D:1      | Reached XP level 2. HP: 18/22 MP: 0/5
   467 | D:1      | Reached XP level 3. HP: 21/27 MP: 6/6
   528 | D:1      | Reached skill level 1 in Dodging
   528 | D:1      | Reached skill level 1 in Conjurations
  1272 | D:2      | Learned a level 1 spell: Magic Dart
  1275 | D:2      | Learned a level 2 spell: Searing Ray
  1393 | D:2      | Reached XP level 4. HP: 33/33 MP: 7/7
  1669 | D:3      | Found a sparkling altar of Nemelex Xobeh.
  1752 | D:3      | Found a blossoming altar of Fedhas.
  2551 | D:3      | Found a broken altar of Ashenzari.
  2633 | D:4      | Noticed a bullfrog
  2641 | D:4      | Killed a bullfrog
  2642 | D:4      | Reached skill level 2 in Conjurations
  2642 | D:4      | Reached XP level 5. HP: 32/38 MP: 2/8
  2726 | D:4      | Noticed an ogre
  2735 | D:4      | Killed an ogre
  2736 | D:4      | Reached skill level 3 in Conjurations
  2736 | D:4      | Reached XP level 6. HP: 44/44 MP: 5/9
  2899 | D:4      | Found a staircase to the Ecumenical Temple.
  2959 | D:4      | Found a glowing drain.
  3092 | Sewer    | Entered a sewer
  3473 | Sewer    | Reached skill level 5 in Fighting
  3518 | Sewer    | Reached XP level 7. HP: 50/50 MP: 10/10
  3547 | Sewer    | Reached skill level 4 in Conjurations
  3553 | Sewer    | Found a viscous altar of Jiyva.
  3566 | Sewer    | Became a worshipper of Jiyva Jesiej the Shapeless
  4156 | D:4      | Reached * piety under Jiyva
  4374 | D:5      | Entered Level 5 of the Dungeon
  4503 | D:5      | Reached skill level 5 in Conjurations
  4527 | D:5      | Found a radiant altar of Vehumet.
  4647 | D:5      | Found a hazy altar of Hepliaklqana.
  4653 | D:5      | Found a glowing silver altar of Zin.
  4742 | D:5      | Reached ** piety under Jiyva
  4807 | D:5      | Reached XP level 8. HP: 49/56 MP: 11/11
  5057 | D:5      | Found a shimmering blue altar of Sif Muna.
  5355 | D:5      | Found an iron altar of Okawaru.
  5614 | D:6      | Reached *** piety under Jiyva
  5652 | D:6      | Found a stormy altar of Qazlal.
  5684 | D:6      | Found a shadowy altar of Dithmenos.
  5684 | D:6      | Found an ancient bone altar of Kikubaaqudgha.
  5926 | D:6      | Found a basalt altar of Yredelemnul.
  5935 | D:6      | Reached skill level 6 in Conjurations
  5973 | D:6      | Reached skill level 5 in Shields
  6319 | D:7      | Reached XP level 9. HP: 60/63 MP: 12/12
  6377 | D:7      | Reached skill level 7 in Conjurations
  6378 | D:7      | Reached skill level 5 in Dodging
  6381 | D:7      | Found a hide-covered altar of Uskayaw.
  6417 | D:7      | Noticed Pikel
  6433 | D:7      | Killed Pikel
  6434 | D:7      | Reached skill level 8 in Conjurations
  6509 | D:7      | Found a flagged portal.
  6521 | Bailey   | Entered a bailey
  6612 | Bailey   | Noticed an orc knight
  6636 | Bailey   | Killed an orc knight
  6637 | Bailey   | Reached skill level 9 in Conjurations
  6637 | Bailey   | Reached XP level 10. HP: 71/71 MP: 6/13
  6674 | Bailey   | Found a large runed translucent door.
  6674 | Bailey   | Found a large runed translucent door.
  6692 | Bailey   | Noticed a deep elf pyromancer
  6789 | Bailey   | Killed a deep elf pyromancer
  6806 | Bailey   | Identified the +7 dagger of the Dancing Augurer {freeze,
                  | Contam rElec rN+ Str+4}
  6812 | Bailey   | Identified the +0 ring mail of Qamaelye {-Cast rElec rPois
                  | Stlth+}
  6825 | Bailey   | Identified the +2 troll leather armour of the Trilobite
                  | {Regen+ SInv}
  7042 | D:7      | Gained mutation: You are partially covered in iridescent
                  | scales. (AC +2) [Jiyva's grace]
  7042 | D:7      | Gained mutation: You are mostly covered in iridescent
                  | scales. (AC +4) [Jiyva's grace]
  7042 | D:7      | Gained mutation: You are completely covered in iridescent
                  | scales. (AC +6) [Jiyva's grace]
  7042 | D:7      | Gained mutation: A frigid envelope surrounds you and
                  | freezes all who hurt you. [Jiyva's grace]
  7060 | D:7      | Reached **** piety under Jiyva
  7450 | D:8      | Reached skill level 10 in Conjurations
  7862 | D:9      | Found a snail-covered altar of Cheibriados.
  7885 | D:9      | Reached ***** piety under Jiyva
  8039 | D:9      | Reached XP level 11. HP: 60/78 MP: 14/14
  8042 | D:9      | Reached skill level 11 in Conjurations
  8163 | D:9      | Noticed Joseph
  8163 | D:9      | Noticed Grum
  8179 | D:9      | Killed Grum
  8183 | D:9      | Killed Joseph
  8242 | D:9      | Paralysed by a hornet for 3 turns
  8520 | D:10     | Entered Level 10 of the Dungeon
  8662 | D:10     | Found a staircase to the Lair.
  8762 | D:10     | Gained mutation: One of your tentacles bears a spike.
                  | [Jiyva's grace]
  8762 | D:10     | Gained mutation: One of your tentacles bears a nasty spike.
                  | [Jiyva's grace]
  8762 | D:10     | Gained mutation: One of your tentacles bears a large
                  | vicious spike. [Jiyva's grace]
  8762 | D:10     | Gained mutation: You have a small jelly attached to you
                  | that may absorb projectiles. [Jiyva's grace]
  8886 | D:10     | Noticed a centaur warrior
  8887 | D:10     | Noticed a brown ugly thing
  8892 | D:10     | Noticed a boulder beetle
  8895 | D:10     | Killed a centaur warrior
  8895 | D:10     | Killed a brown ugly thing
  8896 | D:10     | Reached skill level 10 in Fighting
  8896 | D:10     | Reached skill level 12 in Conjurations
  8896 | D:10     | Killed a boulder beetle
  8899 | D:10     | Noticed an orc knight
  8917 | D:10     | Killed an orc knight
  8918 | D:10     | Reached XP level 12. HP: 63/87 MP: 12/15
  9083 | D:10     | Reached skill level 13 in Conjurations
  9241 | D:10     | Identified the +6 dagger "Bebist" {vorpal, Dex+6}
  9274 | D:10     | Learned a level 4 spell: Sticky Flame
  9638 | D:11     | Found Wopukli's Weapon Boutique.
  9638 | D:11     | Found a staircase to the Orcish Mines.
  9654 | D:11     | Reached ****** piety under Jiyva
  9793 | D:11     | Noticed Erica
  9805 | D:11     | Killed Erica
 10381 | D:12     | Lost mutation: One of your tentacles bears a large vicious
                  | spike. [Jiyva's grace]
 10381 | D:12     | Lost mutation: You are completely covered in iridescent
                  | scales. (AC +6) [Jiyva's grace]
 10381 | D:12     | Lost mutation: You are mostly covered in iridescent scales.
                  | (AC +4) [Jiyva's grace]
 10381 | D:12     | Gained mutation: You possess an exceptional clarity of
                  | mind. [Jiyva's grace]
 10381 | D:12     | Gained mutation: You have hidden genetic potential.
                  | [Jiyva's grace]
 10381 | D:12     | Gained mutation: You have great hidden genetic potential.
                  | [Jiyva's grace]
 10381 | D:12     | Gained mutation: You are resistant to electric shocks.
                  | (rElec) [Jiyva's grace]
 10406 | D:12     | Noticed a boulder beetle
 10418 | D:12     | Killed a boulder beetle
 10730 | D:12     | Reached skill level 10 in Dodging
 10997 | D:13     | Noticed a catoblepas
 10999 | D:13     | Killed a centaur warrior
 11003 | D:13     | Killed a catoblepas
 11025 | D:13     | Found Zuur's General Store.
 11034 | D:13     | Bought a scroll of butterflies for 44 gold pieces
 11034 | D:13     | Bought 3 curare-tipped darts for 19 gold pieces
 11048 | D:13     | Found a frozen archway.
 11050 | D:13     | Noticed an ice dragon
 11068 | D:13     | Killed an ice dragon
 11081 | D:13     | Reached XP level 13. HP: 59/95 MP: 9/19
 11083 | D:13     | Reached skill level 5 in Fire Magic
 11102 | IceCv    | Entered an ice cave
 11113 | IceCv    | Noticed a quicksilver ooze
 11214 | IceCv    | Noticed a quicksilver ooze
 11223 | IceCv    | Noticed an azure jelly
 11224 | IceCv    | Found a viscous altar of Jiyva.
 11226 | IceCv    | Noticed an azure jelly
 11241 | IceCv    | Identified the +0 robe "Ciku" {*Corrode Fly rPois SInv}
 11343 | IceCv    | Found the +4 skin of Zhor {*Englaciate rC+++ SInv}
 11417 | D:13     | Found a gate to the Vaults.
 11417 | D:13     | Identified the +5 mace "Vet Xues" {venom, rElec}
 11550 | Orc:1    | Entered Level 1 of the Orcish Mines
 11550 | Orc:1    | Noticed Jorgrun
 11746 | Lair:1   | Entered Level 1 of the Lair of Beasts
 11845 | Lair:1   | Noticed Sonja
 11858 | Lair:1   | Reached skill level 5 in Spellcasting
 11860 | Lair:1   | Reached skill level 14 in Conjurations
 11860 | Lair:1   | Gained mutation: Your muscles are strong. (Str +4, Int/Dex
                  | -1) [hidden potential]
 11865 | Lair:1   | Killed Sonja
 11928 | Lair:1   | Noticed Nergalle
 11939 | Lair:1   | Killed Nergalle
 12169 | Lair:1   | Lost mutation: One of your tentacles bears a nasty spike.
                  | [Jiyva's grace]
 12169 | Lair:1   | Lost mutation: A frigid envelope surrounds you and freezes
                  | all who hurt you. [Jiyva's grace]
 12169 | Lair:1   | Lost mutation: You have great hidden genetic potential.
                  | [Jiyva's grace]
 12169 | Lair:1   | Gained mutation: You have great hidden genetic potential.
                  | [Jiyva's grace]
 12169 | Lair:1   | Gained mutation: You are agile. (Dex +4, Str/Int -1)
                  | [Jiyva's grace]
 12169 | Lair:1   | Gained mutation: You are very agile. (Dex +8, Str/Int -2)
                  | [Jiyva's grace]
 12169 | Lair:1   | Gained mutation: Your muscles are very strong. (Str +8,
                  | Int/Dex -2) [Jiyva's grace]
 12768 | Lair:2   | Found a runed translucent door.
 12768 | Lair:2   | Noticed snackwell's ghost (journeyman DsRe)
 12914 | Lair:2   | Killed snackwell's ghost
 13752 | Lair:3   | Found a staircase to the Snake Pit.
 14328 | Lair:3   | Reached XP level 14. HP: 103/103 MP: 18/23
 14455 | Lair:3   | Slain by a three-headed hydra

Illustrated notes

Levels and vault maps discovered:
D:1:      saegor_arrival_under_anarchy, layout_loops_ring
D:2:      layout_basic, minmay_tetromino_i2
D:3:      layout_loops_ring, marbit_many_paths, old_standard_altar,
          nicolae_overflow_crystal_walls
D:4:      layout_basic, minmay_temple_entry_trees,
          cheibrodos_sewer_entry_sluice, chequers_serial_rivers_small_b
D:5:      layout_layer_cave, hellmonk_okawaru_the_only_friend_you_need,
          nicolae_sif_muna_little_library, vehumet_statue,
          grunt_temple_overflow_open, st_stairs_3
D:6:      layout_loops_cross, mainiacjoe_overflow_boulevard,
          lemuel_mausoleum_altar_yredelemnul, nicolae_overflow_two_pavilions
D:7:      layout_loops_cross, nicolae_uskayaw_dance_hall, enter_bailey_5,
          uniq_pikel
D:8:      layout_cave_pools, minmay_bent
D:9:      layout_basic, cheibriados_altar_1, kennysheep_generic_room_2,
          uniq_joseph, uniq_grum
D:10:     cheibrodos_helix_gallery, layout_loops_ring, erik_lair_island,
          minmay_pinched_square
D:11:     layout_basic, orc_david_3, uniq_erica
D:12:     layout_gridville, minivault_16
D:13:     minmay_the_grid_square_5x5_3x3 [minmay_the_grid_square_5x5_lines,
          minmay_the_grid_square_5x5_eight_small,
          minmay_the_grid_square_5x5_n_small, minmay_the_grid_square_5x5_slash,
          minmay_the_grid_square_5x5_megaprize_crossed,
          minmay_the_grid_square_5x5_tie, minmay_the_grid_square_5x5_two_small,
          minmay_the_grid_square_5x5_shuriken,
          minmay_the_grid_square_5x5_three], layout_irregular_city,
          david_vaults_2, serial_shops, shop,
          portal_ice_cave_entry_animals_and_master, kennysheep_boxes
Lair:1:   layout_misc_corridors, grunt_megastairs_2, uniq_nergalle, uniq_sonja
Lair:2:   layout_cave_pods, gammafunk_ghost_grave
Lair:3:   layout_hall_layers, palyth_hydra_swamp_entry, dummy_snake_entry,
          serial_bayou_shore_b
Orc:1:    layout_caves, uniq_jorgrun

Skill      XL: |  1  2  3  4  5  6  7  8  9 10 11 12 13 |
---------------+----------------------------------------+-----
Dodging        | 1 2 3 4 6 7 9 10 11 | 11.3
Conjurations   | 1 2 3 5 6 9 10 12 13 14 | 14.5
Shields        | 3 4 5 |  5.0
Fighting       | 5 6 7 8 10 11 12 | 12.1
Fire Magic     | 4 7 |  7.0
Spellcasting   | 4 6 |  6.2

Action                   |  1- 3 |  4- 6 |  7- 9 | 10-12 | 13-15 || total
-------------------------+-------+-------+-------+-------+-------++-------
Melee: Dagger            |    42 |   103 |    88 |    91 |   155 ||   479
       Whip              |    52 |       |    64 |       |       ||   116
       Tentacles         |    17 |    23 |    49 |    74 |    79 ||   242
       Constrict         |    25 |    20 |    30 |    43 |    27 ||   145
       Punch             |       |     2 |     3 |     3 |     8 ||    16
       Scimitar          |       |       |     7 |    28 |    16 ||    51
       Short sword       |       |       |     7 |       |       ||     7
       Hand axe          |       |       |       |   124 |    33 ||   157
       Kick              |       |       |       |    75 |   115 ||   190
 Cast: Foxfire           |     3 |    11 |    24 |     4 |     7 ||    49
       Searing Ray       |       |     8 |    35 |    51 |    30 ||   124
       Magic Dart        |       |     2 |       |       |       ||     2
       Sticky Flame      |       |       |       |    27 |    65 ||    92
Evoke: Wand              |       |       |       |     1 |       ||     1
  Use: Scroll            |       |     3 |     5 |     7 |     8 ||    23
       Potion            |       |       |       |     2 |     4 ||     6
 Stab: Sleeping          |     9 |     4 |     3 |     3 |     4 ||    23
       Distracted        |       |     1 |       |       |       ||     1
Armor: Skin              |    15 |     9 |    26 |    65 |    26 ||   141
Dodge: Dodged            |    45 |    68 |   122 |   338 |   292 ||   865
Block: Buckler           |    21 |    23 |    31 |   136 |   118 ||   329

Table legend: (Time is in decaauts)
 A = Elapsed time spent in this place.
 B = Non-inter-level travel time spent in this place.
 C = Inter-level travel time spent in this place.
 D = Time resting spent in this place.
 E = Time spent auto-exploring this place.
 F = Levels seen in this place.
 G = Mean time per level.
                   A        B        C        D        E       F      G
               +--------+--------+--------+--------+--------+-----+--------+
         Total |  14589 |  13892 |    697 |    709 |   9476 |  20 |  729.5 |
       Dungeon |  10714 |  10175 |    539 |    442 |   7170 |  13 |  824.2 |
          Lair |   2692 |   2535 |    157 |     60 |   1833 |   3 |  897.3 |
  Orcish Mines |      9 |      9 |      0 |      0 |      0 |   1 |    9.0 |
         Sewer |    525 |    525 |      0 |    183 |    157 |   1 |  525.0 |
        Bailey |    357 |    357 |      0 |     24 |    116 |   1 |  357.0 |
      Ice Cave |    290 |    290 |      0 |      0 |    200 |   1 |  290.0 |
               +--------+--------+--------+--------+--------+-----+--------+

Top non-repeatable levels by time:
     D:4: 1233 daAuts
  Lair:2: 1221 daAuts
     D:5: 1027 daAuts
    D:10: 1002 daAuts
     D:3: 966 daAuts
    D:12: 909 daAuts
     D:6: 894 daAuts
    D:11: 885 daAuts
     D:1: 882 daAuts
  Lair:3: 818 daAuts
     D:2: 778 daAuts
     D:7: 715 daAuts
     D:9: 670 daAuts
  Lair:1: 652 daAuts
     D:8: 526 daAuts
